 Dungeon Crawl Stone Soup version 0.20.1-1-g8b1a95d (webtiles) character file.

109 tmwrnj the Skirmisher (level 4, -1/41 HPs)
             Began as a Hill Orc Fighter on July 23, 2017.
             Killed from afar by an orc wizard (4 damage)
             ... with a magic dart
             ... on level 3 of the Dungeon.
             The game lasted 00:04:42 (1793 turns).

tmwrnj the Skirmisher (Hill Orc Fighter)            Turns: 1793, Time: 00:04:43

Health: -1/41      AC:  8    Str: 19    XL:     4   Next: 90%
Magic:  4/4        EV:  5    Int:  8    God:
Gold:   133        SH:  9    Dex: 10    Spells: 3/3 levels left

rFire    . . .     SeeInvis .   a - +0 war axe
rCold    . . .     Gourm    .   c - +0 shield
rNeg     . . .     Faith    .   p - -2 chain mail (curse)
rPois    .         Spirit   .   (no helmet)
rElec    .         Reflect  .   h - +0 cloak
rCorr    .         Harm     .   (no gloves)
MR       .....                  (no boots)
Stlth    ..........             (no amulet)
Regen    0.2/turn               (no ring)
MPRegen  0.1/turn               (no ring)

@: slowed, very slow
A: no striking features
a: no special abilities


You were on level 3 of the Dungeon.
You were not hungry.

You visited 1 branch of the dungeon, and saw 3 of its levels.

You collected 133 gold pieces.

Inventory:

Hand Weapons
 a - a +0 war axe (weapon)
Armour
 b - a +0 scale mail
 c - a +0 shield (worn)
 h - a +0 cloak (worn)
 p - a cursed -2 chain mail (worn)
Jewellery
 n - an uncursed ring of ice {unknown}
 u - a cursed ring of loudness {unknown}
Scrolls
 i - 4 scrolls of identify
 k - 4 scrolls of fog
 l - 2 scrolls of blinking
 m - a scroll of immolation {unknown}
 s - a scroll of random uselessness {unknown}
 v - a scroll of magic mapping {unknown}
Potions
 d - a potion of might
 e - a potion of invisibility {unknown}
 g - 2 potions of flight {unknown}
 j - a potion of resistance {unknown}
 o - 2 potions of degeneration {unknown}
 q - 3 potions of curing {unknown}
 t - a potion of cancellation {unknown}
Comestibles
 f - 3 bread rations
 r - a meat ration


   Skills:
 + Level 4.4 Fighting
 + Level 4.2 Axes
 + Level 3.9 Armour
 + Level 0.2 Dodging
 + Level 4.0 Shields


You had 3 spell levels left.
You didn't know any spells.

Dungeon Overview and Level Annotations

Branches:
Dungeon (3/15)

Altars:
Cheibriados
Hepliaklqana
Yredelemnul

Annotations:
D:2 1 runed door


Message History

You feel yourself slow down. You block the orc wizard's attack.
The orc wizard hits you but does no damage.
The orc wizard hits you but does no damage.
The orc wizard hits you but does no damage.
You block the orc wizard's attack.
The orc wizard hits you but does no damage.
The orc wizard hits you with a dagger.
* * * LOW HITPOINT WARNING * * *
The orc wizard gestures wildly while chanting.
The orc wizard blinks!
The orc wizard casts a spell.
The orc wizard blinks!
The orc wizard casts a spell.
The orc wizard blinks!
The orc wizard casts a spell.
The orc wizard blinks!
The orc wizard casts a spell at you. The magic dart hits you!
You die...

#..# ###...#####....o)........
#..# #.....##.....#####.#...##
#..####.###....###.#####.#..###
#.......# #..#.##.....##.#..# #
##.####.###....##..##.##.#..###
#.# #.....#..).§......§......
#............)..#.#######.....
########.....o..........#..###
#####.@#.#.#####.#..# #..#.#.#
#)#..# #..#.#.#####)#..#
#..#.#......(...#
#..#.#..........#
#<.#.#.#####.##.# #..#.†.#
#.##.# #..##### #.##.###
#.(#########....(.#


You could see an orc wizard.

Vanquished Creatures
  4 adders
  3 worms (D:2)
  2 dart slugs
  6 orcs (D:3)
  A ball python (D:2)
  2 bats
  2 giant cockroaches
  10 goblins
  3 hobgoblins (D:1)
  A quokka (D:2)
  4 frilled lizards
  9 kobolds
  8 rats
  4 fungi (D:2)
59 creatures vanquished.

Notes
Turn   | Place    | Note
-------+----------+-------------------------------------------
     0 | D:1      | tmwrnj the Hill Orc Fighter began the quest for the Orb.
     0 | D:1      | Reached XP level 1. HP: 19/19 MP: 1/1
   159 | D:1      | Reached XP level 2. HP: 25/27 MP: 2/2
   415 | D:2      | Reached XP level 3. HP: 33/33 MP: 3/3
   460 | D:2      | Found a basalt altar of Yredelemnul.
   863 | D:2      | Reached XP level 4. HP: 37/41 MP: 4/4
   868 | D:2      | Found a hazy altar of Hepliaklqana.
  1460 | D:2      | Found a runed door.
  1733 | D:3      | Found a snail-covered altar of Cheibriados.
  1788 | D:3      | HP: 2/41 [orc wizard/dagger (3)]
  1793 | D:3      | Killed from afar by an orc wizard

Skill      XL: |  1  2  3  4 |
---------------+-------------+-----
Fighting       | 4 |  4.4
Axes           | 3 4 |  4.2
Shields        | 4 |  4.0
Armour         | |  3.9
Dodging        | |  0.2

Action                   |  1- 3 |  4- 6 || total
-------------------------+-------+-------++-------
Melee: War axe           |    86 |   107 ||   193
  Use: Scroll            |       |     2 ||     2
  Eat: Chunk             |       |     3 ||     3
Armor: Scale mail        |    27 |       ||    27
       Chain mail        |     7 |    53 ||    60
Dodge: Dodged            |    24 |    18 ||    42
Block: Shield            |    38 |    52 ||    90
